 Dungeon Crawl Stone Soup version 0.30.1-4-g462c640d31 (webtiles) character file.

Game seed: 12827039944074200554

148 Almogavar the Trooper (level 5, -2/47 HPs)
             Began as a Hill Orc Fighter on Aug 22, 2023.
             Killed from afar by Edmund (7 damage)
             ... with a puff of flame
             ... on level 4 of the Dungeon.
             The game lasted 00:05:18 (2556 turns).

Almogavar the Trooper (Hill Orc Fighter)            Turns: 2556, Time: 00:05:18

Health: -2/47      AC:  8    Str: 20 (21) XL:     5   Next: 30%
Magic:  5/5        EV:  9    Int:  6 (8)  God:
Gold:   157        SH:  4    Dex:  7 (10) Spells: 4/4 levels left

rFire   . . .        g - +1 hand axe (freeze)
rCold   . . .        c - +0 buckler
rNeg    . . .        b - +0 scale mail
rPois   .            (no helmet)
rElec   .            p - +0 cloak
rCorr   .            (no gloves)
SInv    .            (no boots)
Will    +....        (no amulet) Stlth
                     m - ring of willpower
HPRegen 0.27/turn    (no ring)
MPRegen 0.09/turn

%: no passive effects
@: mighty
A: no striking features
a: no special abilities


You were on level 4 of the Dungeon.
You visited 1 branch of the dungeon, and saw 4 of its levels.

You collected 157 gold pieces.

Inventory:

Hand Weapons
 g - a +1 hand axe of freezing (weapon)
Armour
 a - a +0 chain mail
 b - a +0 scale mail (worn)
 c - a +0 buckler (worn)
 i - an orb of mayhem
 p - a +0 cloak (worn)
Jewellery
 m - a ring of willpower (left hand)
Scrolls
 e - a scroll of enchant armour
 f - a scroll of enchant weapon
 h - 2 scrolls of blinking
 l - 2 scrolls of teleportation {unknown}
 o - a scroll of noise {unknown}
 q - a scroll of fear {unknown}
 s - a scroll of magic mapping {unknown}
Potions
 n - 3 potions of brilliance {unknown}
 r - 2 potions of mutation {unknown}


   Skills:
 + Level 4.6 Fighting
 + Level 4.4 Axes
 + Level 4.1 Armour
 + Level 0.3 Stealth
 + Level 4.1 Shields


You had 4 spell levels left.
You didn't know any spells.
Your spell library contained the following spells:

 Spells                   Type           Power      Damage    Failure   Level
 Magic Dart               Conj           0%         1d3       86%         1
 Necrotise                Necr           0%         1d4       86%         1
 Searing Ray              Conj           0%         2d4       95%         2
 Vampiric Draining        Necr           0%         2d6       99%         3
 Fulminant Prism          Conj/Hex       0%         3d5       100%        4
 Agony                    Necr           0%         N/A       100%        5


Dungeon Overview and Level Annotations

Branches:
Dungeon (4/15)
 Temple: D:4-7

Altars:

Shops:
D:3 *

Annotations:
D:4 Edmund


Message History

You hit Edmund but do no damage.
Edmund hits you with a +1 flail of protection!
You feel very mighty all of a sudden.
Edmund zaps a wand.
The puff of flame hits you!
You barely miss Edmund. You block Edmund's attack.
You barely miss Edmund.
Edmund hits you with a +1 flail of protection!
* * * LOW HITPOINT WARNING * * *
You slash Edmund! You freeze Edmund.
Edmund is moderately wounded.
Edmund barely misses you.
You barely miss Edmund.
Edmund is moderately wounded.
Edmund zaps a wand.
The puff of flame hits you!
* * * LOW HITPOINT WARNING * * *
You feel better.
Edmund hits you with a +1 flail of protection.
* * * LOW HITPOINT WARNING * * *
You slash Edmund! You freeze Edmund.
Edmund is heavily wounded.
Edmund says, "People accused me of being a cutpurse!"
You block Edmund's attack.
You hit Edmund but do no damage.
Edmund is heavily wounded.
Edmund hits you with a +1 flail of protection.
* * * LOW HITPOINT WARNING * * *
Edmund says, "People accused me of being a cutpurse!"
Edmund hits you with a +1 flail of protection.
* * * LOW HITPOINT WARNING * * *
You hit Edmund. You freeze Edmund.
Edmund is heavily wounded.
Edmund hits you but does no damage.
You hit Edmund but do no damage.
Edmund is heavily wounded.
Edmund zaps a wand.
The puff of flame misses you.
It was a potion of degeneration.
There was something very wrong with that liquid.
You feel weakened.
You feel dopey.
You feel clumsy.
Edmund zaps a wand.
The puff of flame hits you!
You die...

#.....# #.....#
#.....#
#.....####+#
#..........$
#...........
#######...........
#........@........
#......###@#......
#......# ..# #####
#......#....
#......#.....
#......#@.....
####....).#...##..
..........#####
... .........<)#


You could see Edmund.

Vanquished Creatures
  A sleepcap (D:3)
  3 gnolls
  3 adders (D:3)
  A dart slug (D:3)
  5 orcs (D:3)
  7 ball pythons
  4 endoplasms
  4 giant cockroaches
  A goblin (D:1)
  6 hobgoblins
  4 jackals (D:1)
  2 kobolds (D:1)
  3 bats
  6 frilled lizards
  6 rats
56 creatures vanquished.

Notes
Turn   | Place    | Note
-------+----------+-------------------------------------------
     0 | D:1      | Almogavar the Hill Orc Fighter began the quest for the Orb.
     0 | D:1      | Reached XP level 1. HP: 19/19 MP: 1/1
   113 | D:1      | Reached XP level 2. HP: 27/27 MP: 2/2
   630 | D:1      | Reached XP level 3. HP: 29/33 MP: 3/3
  1781 | D:3      | Reached XP level 4. HP: 35/41 MP: 4/4
  1928 | D:3      | Found Het Qopt's Assorted Antiques.
  2319 | D:3      | Reached XP level 5. HP: 12/47 MP: 5/5
  2529 | D:4      | Noticed Edmund
  2556 | D:4      | Killed from afar by Edmund

Illustrated notes

Levels and vault maps discovered:
D:1:      co_arrival_square_in_a_square_in_a_square, layout_loops_corners,
          chequers_serial_rivers_micro_a
D:2:      cheibrodos_old_hovel, layout_loops_cross,
          chequers_serial_rivers_room_b
D:3:      layout_rooms, serial_shops, shop
D:4:      layout_gridville, bloody_makhleb, mainiacjoe_overflow_boulevard,
          hangedman_abyss_or_decor_stabs, chequers_decorated_corner,
          uniq_edmund, uniq_pikel

Skill      XL: |  1  2  3  4  5 |
---------------+----------------+-----
Axes           | 3 4 |  4.4
Fighting       | 4 |  4.6
Armour         | 4 |  4.1
Shields        | 4 |  4.1
Stealth        | |  0.3

Action                     |  1- 3 |  4- 6 || total
---------------------------+-------+-------++-------
  Melee: War axe           |    31 |       ||    31
         Hand axe          |    71 |    76 ||   147
    Use: Scroll            |     3 |     1 ||     4
         Potion            |       |     3 ||     3
 Armour: Scale mail        |    51 |    20 ||    71
  Dodge: Dodged            |    47 |    34 ||    81
  Block: Buckler           |    26 |    20 ||    46
